 Dungeon Crawl Stone Soup version 0.22-a0-512-g0943f25562 (webtiles) character file.

86 Anathary the Sneak (level 4, -1/29 HPs)
             Began as an Octopode Assassin on June 17, 2018.
             Slain by Robin
             ... wielding a +0 dagger
              (4 damage)
             ... on level 2 of the Dungeon.
             The game lasted 00:05:05 (1230 turns).

Anathary the Sneak (Octopode Assassin)              Turns: 1230, Time: 00:05:06

Health: -1/29      AC:  1    Str: 10    XL:     4   Next: 50%
Magic:  4/4        EV: 13    Int: 13    God:
Gold:   136        SH:  0    Dex: 14    Spells: 3/3 levels left

rFire    . . .     SeeInvis .   a - +2 dagger
rCold    . . .     Gourm    .   (no shield)
rNeg     . . .     Faith    .   (helmet restricted)
rPois    .         Spirit   .   (no amulet)
rElec    .         Reflect  .   (no ring)
rCorr    .         Harm     .   (no ring)
MR       .....                  (no ring)
Stlth    +++++.....             (no ring)
HPRegen  0.09/turn              (no ring)
MPRegen  0.09/turn              (no ring)
                                (no ring)
                                (no ring)

@: no status effects
A: almost no armour, stealthy swim, amphibious, 8 rings, constrict 8, camouflage
1, gelatinous body 1
a: no special abilities


You were on level 2 of the Dungeon.
You were not hungry.

You visited 1 branch of the dungeon, and saw 2 of its levels.

You collected 136 gold pieces.

Inventory:

Hand Weapons
 a - a +2 dagger (weapon)
 b - a +0 blowgun
Missiles
 c - 8 poisoned needles
 d - 2 curare-tipped needles
Jewellery
 k - an uncursed ring of flight {unknown}
Scrolls
 e - a scroll of identify {unknown}
 h - a scroll of remove curse {unknown}
 m - a scroll of fear {unknown}
Potions
 g - 2 potions of curing
 i - 2 potions of ambrosia {unknown}
 j - a potion of lignification {unknown}
 l - a potion of flight {unknown}
 n - a potion of brilliance {unknown}
Comestibles
 f - 5 rations


   Skills:
 + Level 2.2 Fighting
 + Level 2.3 Short Blades
 + Level 2.0 Throwing
 + Level 1.1 Dodging
 + Level 7.6 Stealth


You had 3 spell levels left.
You didn't know any spells.
Your spell library was empty.

Dungeon Overview and Level Annotations

Branches:
Dungeon (2/15)

Altars:

Annotations:
D:2 Robin


Innate Abilities, Weirdness & Mutations

You cannot wear most types of armour.
You are very stealthy in the water. (Stealth+)
You are amphibious.
You can wear up to eight rings at the same time.
You can use your tentacles to constrict eight enemies at once.
Your skin changes colour to match your surroundings (Stealth+).
Your rubbery body absorbs attacks. (AC +1, EV +1)


Message History

The goblin hits you.
You closely miss the goblin. Your grab misses the goblin.
You squeeze the goblin, but do no damage.
The goblin barely misses you.
You closely miss the goblin. You grab the goblin.
You kill the goblin!
The goblin closely misses you. Robin throws the goblin at you!
The goblin hits you with a dagger. Robin hits you with a dagger.
You see here a goblin corpse.
You closely miss Robin. You grab Robin. You constrict Robin.
The goblin no longer looks unusually strong.
The goblin misses you. Robin hits you with a dagger.
* * * LOW HITPOINT WARNING * * *
You hit Robin.
Robin is moderately wounded.
You constrict Robin. The goblin hits you.
* * * LOW HITPOINT WARNING * * *
Robin hits you with a dagger.
You die...

..#%#####
....g.gg# ### #g#
....#
#@########.# #.#
#.####g.........#
#.#
#.g..)..>....#
#.#
############.#
#.# #.# ##†###
#.#####.....
#....##..###
##.....#.....
##............


You could see Robin and 3 goblins.

Vanquished Creatures
  4 adders (D:2)
  3 worms (D:2)
  A dart slug (D:2)
  A ball python (D:1)
  8 goblins
  A hobgoblin (D:1)
  4 jackals (D:2)
  4 kobolds
  5 bats
  5 frilled lizards (D:1)
  4 rats
40 creatures vanquished.

Notes
Turn   | Place    | Note
-------+----------+-------------------------------------------
     0 | D:1      | Anathary the Octopode Assassin began the quest for the Orb.
     0 | D:1      | Reached XP level 1. HP: 14/14 MP: 1/1
   223 | D:1      | Reached XP level 2. HP: 19/19 MP: 2/2
   232 | D:1      | Reached skill level 6 in Stealth
   924 | D:2      | Reached XP level 3. HP: 24/24 MP: 3/3
   997 | D:2      | Reached skill level 7 in Stealth
  1148 | D:2      | Reached XP level 4. HP: 29/29 MP: 4/4
  1214 | D:2      | Noticed Robin
  1230 | D:2      | Slain by Robin

Vault maps used:
D:1:      dpeg_arrival_line_fractal
D:2:      uniq_robin

Skill      XL: |  1  2  3 |
---------------+----------+-----
Stealth        | 6 7 |  7.6
Fighting       | |  2.2
Short Blades   | |  2.3
Throwing       | |  2.0
Dodging        | |  1.1

Action                   |  1- 3 |  4- 6 || total
-------------------------+-------+-------++-------
Melee: Dagger            |    53 |    21 ||    74
       Constrict         |    10 |     9 ||    19
       Tentacles         |     7 |     9 ||    16
 Stab: Sleeping          |    17 |       ||    17
  Eat: Ration            |     1 |       ||     1
Armor: Skin              |     2 |     1 ||     3
Dodge: Dodged            |    14 |    19 ||    33

Table legend:
 A = Spawn XP
 B = Non-spawn XP
 C = Spawn XP percentage of total XP
 D = Spawn monster count
 E = Non-spawn monster count
 F = Spawn count percentage of total count
 G = Total turns spent on level
                    A         B        C        D         E        F      G
               +---------+---------+-------+---------+---------+-------+---------
         Total |       0 |     124 |   0.0 |       0 |      40 |   0.0 |  1230
               +---------+---------+-------+---------+---------+-------+---------
           D:1 |       0 |      27 |   0.0 |       0 |      19 |   0.0 |   915
           D:2 |       0 |      97 |   0.0 |       0 |      21 |   0.0 |   315
               +---------+---------+-------+---------+---------+-------+---------
